 Dungeon Crawl Stone Soup version 0.31-a0-233-g139696dc86 (webtiles) character file.

Game seed: 8152216037485610839

135 cowhearter the Slasher (level 4, 0/37 HPs)
             Began as a Demonspawn Monk on July 8, 2023.
             Succumbed to an adder's poison
             ... on level 2 of the Dungeon.
             The game lasted 00:03:26 (1437 turns).

cowhearter the Slasher (Demonspawn Monk)            Turns: 1437, Time: 00:03:27

Health: 0/37       AC:  2    Str: 13    XL:     4   Next: 97%
Magic:  4/4        EV: 13    Int: 12    God:
Gold:   74         SH:  0    Dex: 15    Spells: 3/3 levels left

rFire   . . .        a - +0 falchion
rCold   . . .        d - orb {light}
rNeg    . . .        b - +0 robe
rPois   .            (helmet restricted)
rElec   .            (no cloak)
rCorr   .            (no gloves)
SInv    .            (no boots)
Will    .....        (no amulet)
Stlth   +            (no ring)
HPRegen 0.26/turn    (no ring)
MPRegen 0.09/turn

%: no passive effects
@: confused, lethally poisoned (0 -> -9), glowing
A: horns 2
a: no special abilities


You were on level 2 of the Dungeon.
You visited 1 branch of the dungeon, and saw 2 of its levels.

You collected 74 gold pieces.

Inventory:

Hand Weapons
 a - a +0 falchion (weapon)
 m - a +2 broad axe of electrocution
Armour
 b - a +0 robe (worn)
 d - an orb of light (worn)
Wands
 p - a wand of mindburst (9)
Scrolls
 h - a scroll of amnesia {unknown}
 i - a scroll of poison {unknown}
 j - 2 scrolls of teleportation {unknown}
 k - 2 scrolls of identify {unknown}
 l - 2 scrolls of immolation {unknown}
 n - a scroll of blinking {unknown}
 o - a scroll of enchant weapon {unknown}
Potions
 c - 2 potions of ambrosia
 e - a potion of brilliance {unknown}
 f - 2 potions of degeneration {unknown}
 g - 3 potions of curing {unknown}


   Skills:
 + Level 3.9 Fighting
 + Level 4.1 Long Blades
 + Level 3.4 Dodging


You had 3 spell levels left.
You didn't know any spells.
Your spell library contained the following spells:

 Spells                   Type           Power      Damage    Failure   Level
 Slow                     Hex            0%         N/A       32%         1
 Confusing Touch          Hex            0%         N/A       69%         3
 Vampiric Draining        Necr           0%         2d6       69%         3
 Vhi's Electric Charge    Tloc/Air       0%         N/A       69%         3
 Arcjolt                  Conj/Air       0%         1d10      100%        5
 Maxwell's Capacitive Co  Air            0%         ∞         100%        8


Dungeon Overview and Level Annotations

Branches:
Dungeon (2/15)

Altars:

Shops:
D:2 [

Annotations:
D:1 1 transporter
D:2 Sigmund


Innate Abilities, Weirdness & Mutations

You have a pair of horns on your head.


Message History

HP restored.
Found a ring mail.
Sigmund the Dreaded comes into view.
He is wielding a +2 scythe of flaming and wearing a +1 robe of cold resistance.
Sigmund shouts!
You hear a shout!
An adder comes into view.
You see here a scroll labelled DIXEGOS YGAAB.
There are monsters nearby!
The adder hisses angrily.
The adder misses you.
You barely miss the adder. The adder bites you.
A kobold comes into view. It is wielding a +0 short sword.
Sigmund hits you from afar with a +2 scythe of flaming!
Sigmund burns you.
You barely miss the adder. The adder closely misses you. The adder bites you.
Sigmund closely misses you.
You hit the adder.
The adder is moderately wounded.
The adder barely misses you.
You barely miss the adder.
The adder is moderately wounded.
The adder bites you.
You are poisoned.
The adder poisons you! Sigmund casts a spell at you.
You are confused.
The adder closely misses you.
You feel sick.
Sigmund hits you with a +2 scythe of flaming!
* * * LOW HITPOINT WARNING * * *
Sigmund burns you.
* * * LOW HITPOINT WARNING * * *
The adder barely misses you.
* * * LOW HITPOINT WARNING * * *
You feel sick. The adder bites you.
* * * LOW HITPOINT WARNING * * *
You are more poisoned.
The adder poisons you! Sigmund hits you but does no damage.
You hit the adder. Your headbutt misses the adder.
The adder is heavily wounded.
You die...

##[. ..# #?# #..# #.#
#.# #..# #.# #.#
#..###.# ###.#
#......### ....#
#.......!########.
###.###.................
##.#.........?...@.####.
...............S@K......
###.####...........####.
# #.# #.......##.## #
#†# #.......# .# # #.#
####.#### .# # #.# #.#
.# # #.# #.# .# # #.# ..
# #.#


You could see Sigmund, an adder and a kobold.

Vanquished Creatures
  An orc priest (D:2)
  Jessica (D:2)
  Natasha (D:2)
  An orc wizard (D:2)
  2 orcs (D:2)
  5 endoplasms
  2 goblins
  5 hobgoblins
  A quokka (D:2)
  2 ball pythons
  A bat (D:2)
  A frilled lizard (D:2)
  3 kobolds (D:1)
  5 rats
31 creatures vanquished.

Notes
Turn   | Place    | Note
-------+----------+-------------------------------------------
     0 | D:1      | cowhearter the Demonspawn Monk began the quest for the Orb.
     0 | D:1      | Reached XP level 1. HP: 18/18 MP: 1/1
   441 | D:1      | Gained mutation: You have a pair of small horns on your
                  | head. [demonic ancestry]
   441 | D:1      | Reached XP level 2. HP: 12/24 MP: 2/2
   504 | D:1      | Reached skill level 3 in Long Blades
   893 | D:2      | Noticed Jessica
   898 | D:2      | Killed Jessica
   899 | D:2      | Gained mutation: You have a pair of horns on your head.
                  | [demonic ancestry]
   899 | D:2      | Reached XP level 3. HP: 21/29 MP: 3/3
  1014 | D:2      | Found Fomakuts's Armour Shoppe.
  1056 | D:2      | Reached XP level 4. HP: 32/37 MP: 4/4
  1298 | D:2      | Noticed Natasha
  1308 | D:2      | Killed Natasha
  1309 | D:2      | Reached skill level 4 in Long Blades
  1428 | D:2      | Noticed Sigmund
  1437 | D:2      | Succumbed to an adder's poison

Illustrated notes

Levels and vault maps discovered:
D:1:      spicycebolla_arrival_risky_transporter, layout_basic,
          minmay_misc_feat_rugged
D:2:      layout_loops_ring, serial_shops, shop, uniq_jessica, uniq_sigmund,
          uniq_natasha

Skill      XL: |  1  2  3  4 |
---------------+-------------+-----
Long Blades    | 3 4 |  4.1
Dodging        | 3 |  3.4
Fighting       | |  3.9

Action                     |  1- 3 |  4- 6 || total
---------------------------+-------+-------++-------
  Melee: Falchion          |    47 |    22 ||    69
         Headbutt          |     4 |     5 ||     9
 Armour: Robe              |     6 |     3 ||     9
  Dodge: Dodged            |    32 |    17 ||    49

Table legend: (Time is in decaauts)
 A = Elapsed time spent in this place.
 B = Non-inter-level travel time spent in this place.
 C = Inter-level travel time spent in this place.
 D = Time resting spent in this place.
 E = Time spent auto-exploring this place.
 F = Levels seen in this place.
 G = Mean time per level.
                   A        B        C        D        E       F      G
               +--------+--------+--------+--------+--------+-----+--------+
         Total |   1464 |   1451 |     13 |    719 |    491 |   2 |  732.0 |
       Dungeon |   1464 |   1451 |     13 |    719 |    491 |   2 |  732.0 |
               +--------+--------+--------+--------+--------+-----+--------+

Top non-repeatable levels by time:
     D:1: 898 daAuts
     D:2: 565 daAuts
